[Event "Titled Tuesday Blitz March 07 Early 2023"]
[White "Tsydypov, Zhamsaran"]
[Black "Sjugirov, Sanan"]
[WhiteFideId "4108566"]
[BlackFideId "4189302"]
[WhiteElo "2584"]
[BlackElo "2569"]
[Result "0-1"]
[Round "09"]
[TimeControl "180+2"]
[Date "2023.03.07"]
[WhiteClock "0:00:59"]
[BlackClock "0:00:04"]

1. Nf3 d5 2. g3 Bg4 3. Bg2 c6 4. O-O e6 5. b3 Nf6 6. Bb2 Nbd7 7. d3 Be7 8. Nbd2 O-O 9. c4 a5 10. a3 h6 11. Bc3 b5 12. Qc2 Qb6 13. b4 axb4 14. axb4 bxc4 15. dxc4 Bxb4 16. Rab1 c5 17. cxd5 exd5 18. Bxb4 cxb4 19. Qb2 Rab8 20. Nd4 Ne5 21. h3 Bd7 22. Rfc1 Rfe8 23. Ra1 Rec8 24. Rxc8+ Rxc8 25. Rb1 Nc4 26. Nxc4 dxc4 27. e3 Rb8 28. Nc2 b3 29. Nd4 Qb4 30. Rc1 Rc8 31. Rc3 Qa5 32. Bf1 Qb4 33. Bg2 Rb8 34. Bf1 Qxc3 35. Qxc3 b2 36. Bxc4 b1=Q+ 37. Kg2 Qb7+ 38. Kh2 Rc8 39. Qd3 Qe4 40. Qe2 Bc6 41. f3 Qe7 42. Nf5 Qf8 43. e4 Bd7 44. Ne3 Qc5 45. Bd3 Be6 46. Ng2 Nd7 47. f4 f6 48. h4 Qd4 49. Bb5 Nc5 50. e5 f5 51. Ne3 Ne4 52. Ba6 Rd8 53. Nf1 Qc3 54. Kh3 Rd2 55. Qh5 Nf2+ 56. Kg2 Ng4+ 57. Kh3 Nf2+ 58. Kg2 Bd5+ 59. Kh2 Ng4+ 60. Kg1 Qd4+ 0-1


[Site "https://www.chess.com"]

[Event "Titled Tuesday Blitz March 07 Early 2023"]
[White "Bluebaum, Matthias"]
[Black "Harsha Bharathakoti"]
[WhiteFideId "24651516"]
[BlackFideId "5078776"]
[WhiteElo "2638"]
[BlackElo "2481"]
[Result "1-0"]
[Round "09"]
[TimeControl "180+2"]
[Date "2023.03.07"]
[WhiteClock "0:00:46"]
[BlackClock "0:00:02"]

1. d4 Nf6 2. c4 e6 3. Nc3 Bb4 4. e3 O-O 5. Bd2 c5 6. a3 Bxc3 7. Bxc3 Ne4 8. Ne2 b6 9. d5 Ba6 10. Qd3 exd5 11. Qxd5 Qe7 12. b3 Nxc3 13. Nxc3 Nc6 14. Be2 Qe6 15. Rd1 Rad8 16. O-O Na5 17. b4 cxb4 18. axb4 Nxc4 19. b5 Qxd5 20. Rxd5 Bb7 21. Bxc4 Bxd5 22. Nxd5 Kh8 23. Ra1 Rc8 24. Bf1 Rc5 25. Nf4 Rc7 26. g3 Rfc8 27. Kg2 g6 28. Nd5 Rc5 29. Nf6 R8c7 30. Ne8 Rc8 31. Nd6 R8c7 32. Nxf7+ Kg7 33. Nd6 Kf8 34. Ne4 Rc1 35. Ra4 d5 36. Ng5 Ke7 37. Nxh7 Kd6 38. Ng5 Rb1 39. h4 Rb2 40. Nh3 Rf7 41. Rg4 Kc5 42. Rxg6 Rb1 43. h5 Rh7 44. h6 d4 45. exd4+ Kxd4 46. Ng5 Rh8 47. Nf7 1-0


[Site "https://www.chess.com"]

[Event "Titled Tuesday Blitz March 07 Early 2023"]
[White "Nihal Sarin"]
[Black "Tabatabaei, M. Amin"]
[WhiteFideId "25092340"]
[BlackFideId "12521213"]
[WhiteElo "2689"]
[BlackElo "2575"]
[Result "1-0"]
[Round "09"]
[TimeControl "180+2"]
[Date "2023.03.07"]
[WhiteClock "0:00:11"]
[BlackClock "0:00:02"]

1. e4 e5 2. Nf3 Nc6 3. Bc4 Nf6 4. d3 Bc5 5. O-O d6 6. c3 a5 7. Re1 O-O 8. h3 h6 9. Nbd2 Be6 10. Bb5 Nd7 11. Nf1 f5 12. exf5 Bxf5 13. Be3 Qf6 14. Bxc6 bxc6 15. d4 exd4 16. Nxd4 Bg6 17. Qg4 Ne5 18. Qe6+ Kh7 19. Qxf6 Rxf6 20. Rad1 a4 21. Nh2 Bh5 22. f3 Nc4 23. Bc1 Rb8 24. Re2 Rff8 25. Kf1 Bxd4 26. Rxd4 Bf7 27. Re7 Nxb2 28. Rxc7 Bxa2 29. Rxd6 Bd5 30. Rdd7 Rg8 31. Ng4 a3 32. Nf6+ Kh8 33. Nxg8 a2 34. Ra7 Nd3 35. Nf6 gxf6 36. Bxh6 Rb1+ 37. Ke2 a1=Q 38. Rh7+ Kg8 39. Rag7+ 1-0


[Site "https://www.chess.com"]

[Event "Titled Tuesday Blitz March 07 Early 2023"]
[White "Andreikin, Dmitry"]
[Black "Gholami Orimi, Mahdi"]
[WhiteFideId "4158814"]
[BlackFideId "12558486"]
[WhiteElo "2736"]
[BlackElo "2363"]
[Result "1/2-1/2"]
[Round "09"]
[TimeControl "180+2"]
[Date "2023.03.07"]
[WhiteClock "0:00:08"]
[BlackClock "0:00:13"]

1. Nf3 d5 2. d4 Nf6 3. c4 e6 4. g3 Bb4+ 5. Nbd2 O-O 6. Bg2 dxc4 7. a3 Bxd2+ 8. Bxd2 a5 9. h4 b5 10. h5 h6 11. Ne5 Ra7 12. a4 Bb7 13. Bxb7 Rxb7 14. axb5 Qd5 15. O-O Rxb5 16. Bc3 Nxh5 17. e4 Qxe4 18. Qxh5 f6 19. Rfe1 Qb7 20. Qg6 fxe5 21. Qxe6+ Kh7 22. dxe5 Qf3 23. Rf1 Rb6 24. Qxc4 Rg6 25. Qh4 Nc6 26. Qh1 Qg4 27. Rae1 Rf3 28. Qg2 Re6 29. Re2 Nb4 30. Bxb4 axb4 31. Rfe1 c5 32. Re3 Rxe3 33. Rxe3 c4 34. Qd5 Re8 35. Kg2 Qc8 36. e6 Qa8 37. Qxa8 Rxa8 38. Re4 c3 39. Rxb4 cxb2 40. Rxb2 Re8 41. Rb6 Kg6 42. Kf3 Kf5 43. Rb7 g6 44. Rb5+ Kxe6 45. Kg4 Kf6 46. Rb6+ Kg7 47. Rb7+ Kf6 48. Rb6+ Kg7 49. f4 Re7 50. Ra6 Rb7 51. Kh4 Rc7 52. g4 Rc4 53. Ra7+ Kf6 54. Ra6+ Kg7 55. Kg3 Rc3+ 56. Kf2 Rb3 57. Ra7+ Kf6 58. Ra6+ Kg7 59. Ra7+ Kf6 60. Rh7 Rb2+ 61. Ke3 Rb3+ 62. Ke4 Rb4+ 63. Ke3 Rb3+ 64. Kd4 Rb4+ 65. Ke3 Rb3+ 1/2-1/2


[Site "https://www.chess.com"]

[Event "Titled Tuesday Blitz March 07 Early 2023"]
[White "Vokhidov, Shamsiddin"]
[Black "Hakobyan, Aram"]
[WhiteFideId "14204223"]
[BlackFideId "13306677"]
[WhiteElo "2570"]
[BlackElo "2563"]
[Result "1-0"]
[Round "09"]
[TimeControl "180+2"]
[Date "2023.03.07"]
[WhiteClock "0:00:13"]
[BlackClock "0:00:12"]

1. e4 g6 2. d4 Bg7 3. Nf3 Nf6 4. e5 Ne4 5. Bd3 d5 6. exd6 Nxd6 7. O-O Bg4 8. c3 Nd7 9. h3 Bxf3 10. Qxf3 e5 11. dxe5 Nxe5 12. Qe2 O-O 13. Be3 Re8 14. Nd2 Nxd3 15. Qxd3 Nf5 16. Qxd8 Raxd8 17. Bf4 Re2 18. Rfd1 Bh6 19. Bxh6 Nxh6 20. Nc4 Rxd1+ 21. Rxd1 b5 22. Nd2 Nf5 23. Kf1 Re6 24. Nb3 Nd6 25. Nd4 Re8 26. Nc6 a6 27. Nb4 Ra8 28. Nd5 Ne8 29. Ne7+ Kf8 30. Rd7 c5 31. Nd5 c4 32. f4 Rc8 33. Kf2 Rc6 34. g4 Rd6 35. Rxd6 Nxd6 36. Ke3 f5 37. g5 Ne4 38. Nc7 Nc5 39. Kd4 Nd3 40. Nxa6 Nxf4 41. Nc7 Ne2+ 42. Ke5 Nc1 43. Nxb5 Nd3+ 44. Kd4 Nxb2 45. Nd6 f4 46. Nxc4 f3 47. Nd2 f2 48. Nf1 Ke7 49. c4 Kd6 50. Ke3 Nxc4+ 51. Kxf2 Ke5 52. Kf3 Kf5 53. Ne3+ Nxe3 54. Kxe3 1-0


[Site "https://www.chess.com"]

[Event "Titled Tuesday Blitz March 07 Early 2023"]
[White "Corrales Jimenez, Fidel"]
[Black "Oparin, Grigoriy"]
[WhiteFideId "3506690"]
[BlackFideId "24125890"]
[WhiteElo "2541"]
[BlackElo "2641"]
[Result "0-1"]
[Round "09"]
[TimeControl "180+2"]
[Date "2023.03.07"]
[WhiteClock "0:00:02"]
[BlackClock "0:01:30"]

1. e4 c5 2. Nf3 d6 3. d4 cxd4 4. Nxd4 Nf6 5. Nc3 Nc6 6. Bg5 e6 7. Qd2 a6 8. O-O-O Bd7 9. Nxc6 Bxc6 10. Qe1 h6 11. Bf4 Qa5 12. f3 Rd8 13. h4 Be7 14. Kb1 b5 15. a3 Qc7 16. h5 Qb7 17. Qg3 e5 18. Bc1 Kf8 19. Qe1 a5 20. Nd5 Nxd5 21. exd5 Bxd5 22. Qxa5 Rb8 23. Be3 Be6 24. Qb4 Qc7 25. Bxb5 d5 26. Qa4 Qb7 27. c4 dxc4 28. Qa7 Qxa7 29. Bxa7 Rxb5 30. Ka1 f6 31. Rd2 Kf7 32. Rc1 Ra8 33. Be3 Rb3 34. Re2 c3 35. Rxc3 Raxa3+ 36. bxa3 Rxc3 37. Kb2 Rxa3 38. Bb6 Ra2+ 0-1


[Site "https://www.chess.com"]

[Event "Titled Tuesday Blitz March 07 Early 2023"]
[White "Nakamura, Hikaru"]
[Black "Narayanan, Srinath"]
[WhiteFideId "2016192"]
[BlackFideId "5018420"]
[WhiteElo "2879"]
[BlackElo "2438"]
[Result "1-0"]
[Round "09"]
[TimeControl "180+2"]
[Date "2023.03.07"]
[WhiteClock "0:00:08"]
[BlackClock "0:00:06"]

1. Nf3 d5 2. g3 g6 3. e3 Bg7 4. c4 c6 5. d4 Nf6 6. Qb3 O-O 7. Bg2 a5 8. cxd5 Nxd5 9. a3 a4 10. Qc2 Nd7 11. O-O e5 12. e4 N5b6 13. Rd1 exd4 14. Nxd4 Qe7 15. Be3 Ne5 16. Nxc6 bxc6 17. Bxb6 Bg4 18. Rc1 Rfb8 19. Bc5 Qd7 20. Nc3 Nf3+ 21. Kh1 Ra5 22. Nxa4 Qe6 23. b4 Rxa4 24. Qxa4 Bxa1 25. Rxa1 Qe5 26. Rc1 Qh5 27. h4 g5 28. Qa7 Rc8 29. Bxf3 Bxf3+ 30. Kg1 Qg4 31. Qe7 h6 32. Kh2 Bxe4 33. Re1 Bd5 34. Qf6 gxh4 35. Bd4 hxg3+ 36. fxg3 Qh5+ 37. Qh4 Qxh4+ 38. gxh4 Ra8 39. Re3 Kh7 40. Rg3 Rg8 41. Re3 Rg4 42. Bf6 Kg6 43. Bd8 Re4 44. Rg3+ Kh7 45. Rd3 Re2+ 46. Kg3 Rb2 47. Kf4 Rb3 48. Rxb3 Bxb3 49. Ke5 Kg6 50. Kd6 Ba4 51. Kc5 f5 52. Bc7 Kh5 53. Kb6 Kg4 54. Ka5 Bb5 55. a4 Be2 56. Kb6 f4 57. Bxf4 Kxf4 58. Kxc6 Kg4 59. b5 Kxh4 60. b6 Kg5 61. Kc7 Bf3 62. a5 h5 63. a6 h4 64. b7 Bxb7 65. axb7 Kg4 66. b8=Q h3 67. Kc6 Kf3 68. Qh2 1-0


[Site "https://www.chess.com"]

[Event "Titled Tuesday Blitz March 07 Early 2023"]
[White "Bharath Subramaniyam H"]
[Black "Naroditsky, Daniel"]
[WhiteFideId "46634827"]
[BlackFideId "2026961"]
[WhiteElo "2395"]
[BlackElo "2633"]
[Result "0-1"]
[Round "09"]
[TimeControl "180+2"]
[Date "2023.03.07"]
[WhiteClock "0:00:06"]
[BlackClock "0:00:05"]

1. e4 c5 2. Nf3 d6 3. Bb5+ Nc6 4. O-O Nf6 5. Re1 Bg4 6. c3 a6 7. Bf1 e5 8. a4 Be7 9. h3 Bh5 10. d3 O-O 11. Na3 Re8 12. Nc4 Bf8 13. a5 Rb8 14. Bg5 h6 15. Bxf6 Qxf6 16. Be2 Qd8 17. Nfd2 Bxe2 18. Qxe2 d5 19. exd5 Qxd5 20. Nb6 Qd6 21. Ndc4 Qc7 22. Qe4 Rbd8 23. Re3 Re6 24. Rf3 g6 25. Nd5 Qb8 26. Nce3 Bg7 27. h4 h5 28. Qc4 e4 29. Rh3 exd3 30. Qxd3 Ne5 31. Qc2 Ng4 32. c4 Bd4 33. Re1 Rde8 34. Kf1 Qe5 35. Re2 Qd6 36. Ke1 Bxe3 37. Nxe3 Qd4 38. Qc3 Qe4 39. Rf3 Qb1+ 40. Kd2 Ne5 41. Rf4 Rd8+ 42. Nd5 Nxc4+ 43. Qxc4 Rxd5+ 44. Qxd5 Qxb2+ 45. Kd1 Qb1+ 46. Kd2 Qb2+ 47. Kd1 Qxe2+ 48. Kc1 Qe1+ 49. Kc2 Re2+ 50. Kb3 Qb1+ 51. Kc3 Qb2+ 52. Kc4 Rc2+ 53. Kd3 Rd2+ 54. Kc4 Qa2+ 55. Kxc5 Qxd5+ 56. Kb6 Rb2+ 57. Ka7 Qxa5 58. Rc4 Qb5 59. Rc8+ Kg7 60. f4 a5 61. f5 gxf5 62. g4 fxg4 63. Kb8 a4 64. Rc7 a3 0-1


[Site "https://www.chess.com"]

[Event "Titled Tuesday Blitz March 07 Early 2023"]
[White "Movahed, Sina"]
[Black "Duda, Jan-Krzysztof"]
[WhiteFideId "42520835"]
[BlackFideId "1170546"]
[WhiteElo "2225"]
[BlackElo "2790"]
[Result "0-1"]
[Round "09"]
[TimeControl "180+2"]
[Date "2023.03.07"]
[WhiteClock "0:00:19"]
[BlackClock "0:00:43"]

1. e4 Nc6 2. Nf3 d6 3. d4 e5 4. d5 Nce7 5. c4 g6 6. Nc3 Bh6 7. Bxh6 Nxh6 8. Qd2 Ng4 9. h3 Nf6 10. Qh6 Nh5 11. Be2 b6 12. g3 a5 13. O-O-O Bd7 14. Ne1 Ng8 15. Qe3 Ng7 16. Nd3 Qe7 17. f4 f6 18. Rdf1 exf4 19. gxf4 Nh6 20. Rhg1 O-O 21. Qd2 Nf7 22. h4 Rae8 23. h5 g5 24. f5 h6 25. Ne1 Ne5 26. Nc2 Rb8 27. Nd4 Rfc8 28. Kb1 Kh7 29. Rc1 Be8 30. Rh1 Kh8 31. Ne6 c5 32. Rh3 a4 33. Nd1 Rb7 34. Ra3 Ra8 35. Nc3 Kh7 36. Qd1 Ra5 37. Qd2 Bd7 38. Nd1 Ne8 39. Ne3 Nc7 40. Ng4 Nxg4 41. Bxg4 Na6 42. Rg3 Be8 43. a3 Nb8 44. e5 Nd7 45. exd6 Qxd6 46. Re3 Ne5 47. Be2 Ra8 48. Re1 Rab8 49. Bf1 b5 50. Rxe5 fxe5 51. f6 bxc4 52. Bxc4 Rxb2+ 53. Qxb2 Rxb2+ 54. Kxb2 e4 55. Rxe4 Bxh5 56. Kc3 Qg3+ 57. Bd3 Kg8 58. Nxc5 Bg6 59. Re7 Bxd3 60. Nxd3 Qd6 61. Re6 Qxd5 62. Rb6 h5 63. Nb2 Qc5+ 64. Nc4 Qxb6 65. Nxb6 h4 66. Kd4 h3 67. Ke5 h2 68. Ke6 h1=Q 69. f7+ Kg7 70. Nd7 Qc6+ 71. Ke7 Qxd7+ 72. Kxd7 Kxf7 73. Kc6 g4 74. Kd5 g3 75. Kc4 g2 76. Kb4 g1=Q 77. Kxa4 Qa7+ 78. Kb5 Ke6 79. a4 Kd5 80. a5 Qb7+ 81. Ka4 Kc4 82. Ka3 Qb3# 0-1


[Site "https://www.chess.com"]

[Event "Titled Tuesday Blitz March 07 Early 2023"]
[White "Matlakov, Maxim"]
[Black "Nogerbek, Kazybek"]
[WhiteFideId "4168003"]
[BlackFideId "13710427"]
[WhiteElo "2666"]
[BlackElo "2501"]
[Result "1-0"]
[Round "09"]
[TimeControl "180+2"]
[Date "2023.03.07"]
[WhiteClock "0:00:51"]
[BlackClock "0:01:06"]

1. e4 e5 2. Nf3 Nc6 3. Bb5 a6 4. Ba4 Bc5 5. O-O Nge7 6. c3 Ng6 7. d4 Ba7 8. Re1 O-O 9. Bg5 f6 10. Be3 Kh8 11. Nbd2 d6 12. h3 Bd7 13. Rc1 Qe8 14. Bc2 f5 15. exf5 Bxf5 16. dxe5 Bxc2 17. Rxc2 Ngxe5 18. Bxa7 Rxa7 19. Nxe5 Nxe5 20. Nc4 Ra8 21. Nxe5 dxe5 22. Qd5 c6 23. Qxe5 Qg6 24. Rce2 h6 25. Qe4 Qxe4 26. Rxe4 Rad8 27. Re7 Rd2 28. R1e2 Rxe2 29. Rxe2 Rf5 30. g3 Kg8 31. Kg2 Kf7 32. f4 a5 33. Kf3 Rd5 34. a3 a4 35. Re4 Rd2 36. Rxa4 c5 37. Rc4 b6 38. b4 Rd3+ 39. Kg4 cxb4 40. axb4 b5 41. Rc5 g6 42. Rxb5 h5+ 43. Kh4 Rxc3 44. g4 hxg4 45. hxg4 Kf6 46. Rb6+ Kf7 47. Kg5 1-0


[Site "https://www.chess.com"]

[Event "Titled Tuesday Blitz March 07 Early 2023"]
[White "Hayrapetyan, Hovik"]
[Black "Shimanov, Aleksandr"]
[WhiteFideId "13302639"]
[BlackFideId "4198603"]
[WhiteElo "2348"]
[BlackElo "2631"]
[Result "0-1"]
[Round "09"]
[TimeControl "180+2"]
[Date "2023.03.07"]
[WhiteClock "0:00:01"]
[BlackClock "0:00:14"]

1. d4 g6 2. c4 Bg7 3. Nc3 c5 4. d5 Bxc3+ 5. bxc3 e5 6. h4 h6 7. h5 g5 8. e4 d6 9. g4 Nf6 10. f3 Qa5 11. Bd2 Nbd7 12. a4 Nb6 13. Bd3 Bd7 14. Ne2 a6 15. O-O Nxa4 16. Bc2 b5 17. cxb5 axb5 18. c4 Qc7 19. cxb5 Nb6 20. Rxa8+ Nxa8 21. Qa1 O-O 22. Qa6 Rb8 23. Rb1 Qb6 24. Qxb6 Nxb6 25. Ba5 Nc4 26. Bc7 Rxb5 27. Rxb5 Bxb5 28. Nc3 Bd7 29. Kf2 Ne8 30. Bd8 Na3 31. Bd3 Kf8 32. Ke3 c4 33. Be2 Nc2+ 34. Kf2 Na3 35. Bd1 Nb5 36. Nxb5 Bxb5 37. Be2 c3 38. Ba5 c2 39. Bd2 Ba4 40. Bd3 Nf6 41. Ke2 Nd7 42. Be3 f5 0-1


[Site "https://www.chess.com"]

[Event "Titled Tuesday Blitz March 07 Early 2023"]
[White "Durarbayli, Vasif"]
[Black "Santos Ruiz, Miguel"]
[WhiteFideId "13402935"]
[BlackFideId "22291482"]
[WhiteElo "2543"]
[BlackElo "2504"]
[Result "1-0"]
[Round "09"]
[TimeControl "180+2"]
[Date "2023.03.07"]
[WhiteClock "0:00:02"]
[BlackClock "0:00:01"]

1. e4 e5 2. Nf3 Nc6 3. Bb5 Nf6 4. d3 Bc5 5. c3 O-O 6. O-O d6 7. Bg5 Ne7 8. d4 Bb6 9. Bxf6 gxf6 10. Nbd2 Kh8 11. Re1 c6 12. Bd3 Rg8 13. Nf1 Ng6 14. Ne3 Nf4 15. g3 Qf8 16. Kh1 Nxd3 17. Qxd3 Be6 18. Nh4 d5 19. exd5 cxd5 20. dxe5 fxe5 21. Nxd5 Rd8 22. c4 Qc5 23. Rxe5 Qxf2 24. Rh5 Rg7 25. Nf5 Rg6 26. Rf1 Rxd5 27. Qc3+ Re5 28. Qxe5+ f6 29. Qb8+ Rg8 30. Qxg8+ Kxg8 31. Rxf2 Bxf2 32. Ne7+ Kf7 33. Nd5 Bg4 34. Rxh7+ Kg6 35. Kg2 1-0


[Site "https://www.chess.com"]

[Event "Titled Tuesday Blitz March 07 Early 2023"]
[White "Bok, Benjamin"]
[Black "Krzyzanowski, Marcin"]
[WhiteFideId "1017063"]
[BlackFideId "1132199"]
[WhiteElo "2658"]
[BlackElo "2471"]
[Result "1-0"]
[Round "09"]
[TimeControl "180+2"]
[Date "2023.03.07"]
[WhiteClock "0:00:10"]
[BlackClock "0:00:08"]

1. d4 Nf6 2. c4 e6 3. Nc3 Bb4 4. Qc2 O-O 5. a3 Bxc3+ 6. Qxc3 d5 7. Bg5 h6 8. Bxf6 Qxf6 9. Nf3 c6 10. h4 Nd7 11. g4 Qe7 12. g5 h5 13. e3 g6 14. Rc1 Re8 15. Be2 dxc4 16. Bxc4 b6 17. Bd3 Bb7 18. Be4 Rac8 19. O-O f5 20. gxf6 Nxf6 21. Bxg6 Qg7 22. Ne5 c5 23. f3 Red8 24. Qd2 Nd7 25. Qg2 Nxe5 26. dxe5 Qxe5 27. Be4+ Kh8 28. Bxb7 Rg8 29. Bxc8 Qxe3+ 30. Kh1 Rxg2 31. Kxg2 Qd2+ 32. Kh3 Qxb2 33. Bxe6 Qxa3 34. Rcd1 Qe3 35. Bd5 b5 36. Rg1 Qe7 37. Be4 Qe6+ 38. Kh2 Qe7 39. Rg5 c4 40. Rdg1 Qd6+ 41. Kh1 Qe6 42. Rxh5+ 1-0


[Site "https://www.chess.com"]

[Event "Titled Tuesday Blitz March 07 Early 2023"]
[White "Mikhailovsky, Vladimir"]
[Black "Narayanan.S.L"]
[WhiteFideId "34105414"]
[BlackFideId "5058422"]
[WhiteElo "2293"]
[BlackElo "2547"]
[Result "1-0"]
[Round "09"]
[TimeControl "180+2"]
[Date "2023.03.07"]
[WhiteClock "0:00:03"]
[BlackClock "0:00:01"]

1. e4 c5 2. c3 d5 3. exd5 Nf6 4. Bb5+ Nbd7 5. Nf3 a6 6. Be2 Nxd5 7. O-O e6 8. d4 b6 9. a4 Bb7 10. Na3 Be7 11. Nc4 O-O 12. Re1 cxd4 13. Nxd4 Rc8 14. Bf1 Qc7 15. Qh5 N7f6 16. Qh3 Bc5 17. Nb3 Rfd8 18. Nxc5 Qxc5 19. Ne5 Qc7 20. Qg3 Ne7 21. Bg5 Nf5 22. Qh3 Rd5 23. Bxf6 gxf6 24. Ng4 Kg7 25. Bd3 Qf4 26. Be4 Rd7 27. Bxb7 Rxb7 28. Rad1 h5 29. Ne3 Ne7 30. Qxh5 Rh8 31. Qg4+ Qxg4 32. Nxg4 b5 33. axb5 axb5 34. Ne3 f5 35. g3 Kf6 36. Rd6 Ng6 37. Nd5+ Kg7 38. Nb4 Rh5 39. Kg2 Rb8 40. h4 f4 41. Rd7 fxg3 42. fxg3 Rbh8 43. Rxe6 Ne5 44. Rb7 Nc4 45. Ree7 Rf5 46. Nd3 Rd8 47. Rbd7 Rh8 48. Nf4 Nxb2 49. Ne6+ Kf6 50. Nd4 Rc5 51. Rxf7+ Kg6 52. Rg7+ Kh6 53. Rge7 Nc4 54. Re6+ Kh5 55. Ne2 Re5 56. Nf4+ Kg4 57. Rg6+ Kf5 58. Rf7+ Ke4 59. Nh3 Ne3+ 60. Kh2 Kd3 61. Rf3 Ke2 62. Rf2+ Kd3 63. Rd6+ Kxc3 64. Rf3 Kc4 65. Nf4 b4 66. Re6 Rxe6 67. Nxe6 Ng4+ 68. Kh3 Ne5 69. Rf5 Kd5 70. Nf4+ Ke4 71. Rf6 Rb8 72. Ne2 b3 73. Re6 b2 74. Nc3+ Kf5 75. Ra6 b1=Q 76. Nxb1 Rxb1 77. Ra5 Ke4 78. Ra4+ Ke3 79. Rf4 Nd3 80. Rf8 Nf2+ 81. Kg2 Ne4 82. h5 Rb5 83. g4 Rb2+ 84. Kh3 Rb1 85. Kg2 Rb2+ 86. Kh3 Ng5+ 87. Kh4 Ne6 88. Rf6 Nd4 89. Kg5 Ke4 90. h6 Ke5 91. h7 Rb8 92. Rg6 Ne6+ 93. Kh6 Nf4 94. Rg8 1-0


[Site "https://www.chess.com"]

[Event "Titled Tuesday Blitz March 07 Early 2023"]
[White "Smirnov, Pavel"]
[Black "Demchenko, Anton"]
[WhiteFideId "4123425"]
[BlackFideId "4160258"]
[WhiteElo "2519"]
[BlackElo "2545"]
[Result "0-1"]
[Round "09"]
[TimeControl "180+2"]
[Date "2023.03.07"]
[WhiteClock "0:00:03"]
[BlackClock "0:00:10"]

1. d4 Nf6 2. c4 d6 3. Nf3 Nc6 4. Nc3 e5 5. e3 Be7 6. Be2 O-O 7. O-O h6 8. b3 Bf5 9. Bb2 Re8 10. Rc1 Bf8 11. Re1 a6 12. a3 e4 13. Nd2 Ne7 14. Nf1 c6 15. d5 cxd5 16. cxd5 Bg6 17. Ng3 Rc8 18. b4 Qd7 19. Qd2 h5 20. h3 h4 21. Nf1 Rc7 22. b5 Rc5 23. bxa6 bxa6 24. Bxa6 Ra8 25. Be2 Nfxd5 26. Nxd5 Rxd5 27. Qb4 Rg5 28. Bg4 Qd8 29. Nh2 Nd5 30. Qd2 Nf6 31. Be2 Qd7 32. Kh1 d5 33. f4 exf3 34. Nxf3 Ne4 35. Qd4 Rg3 36. Ne5 Qe6 37. Nxg6 Qxg6 38. Bf3 Nf2+ 39. Kh2 Rxf3 40. Qxh4 Rf5 41. Rf1 Ne4 42. Rxf5 Qxf5 43. Bd4 Rb8 44. Rc6 Bd6+ 45. Kg1 Rb1+ 0-1


[Site "https://www.chess.com"]

[Event "Titled Tuesday Blitz March 07 Early 2023"]
[White "Terry, Renato"]
[Black "Real_OceanStorm"]
[WhiteFideId "3803457"]
[WhiteElo "2579"]
[BlackElo "2771"]
[Result "1-0"]
[Round "09"]
[TimeControl "180+2"]
[Date "2023.03.07"]
[WhiteClock "0:00:10"]
[BlackClock "0:00:03"]

1. e4 c5 2. Nf3 Nc6 3. Bb5 g6 4. c3 Nf6 5. e5 Nd5 6. O-O Bg7 7. Re1 O-O 8. h3 d6 9. exd6 exd6 10. d4 cxd4 11. Bxc6 bxc6 12. Nxd4 Bb7 13. Na3 Rc8 14. Qa4 c5 15. Ndc2 Nb6 16. Qg4 h5 17. Qg3 Be5 18. Bf4 Nd7 19. Rad1 h4 20. Qg4 Bxf4 21. Qxf4 d5 22. Ne3 Re8 23. Ng4 Rxe1+ 24. Rxe1 Bc6 25. Nh6+ Kg7 26. Nxf7 Qf8 27. Ng5 Qxf4 28. Ne6+ Kf6 29. Nxf4 g5 30. Nd3 c4 31. Nb4 a5 32. Nbc2 Ne5 33. Nd4 Bd7 34. Re3 Nd3 35. b3 cxb3 36. axb3 Nc5 37. c4 dxc4 38. Nxc4 Nxb3 39. Rf3+ Ke7 40. Re3+ Kf6 41. Nxb3 Rxc4 42. Nxa5 Rc5 43. Nb3 Rd5 44. Rf3+ Ke5 45. Re3+ Kd6 46. Kh2 Bc6 47. Re2 Rd1 48. Nd2 Kd7 49. Nc4 Bb5 50. Ne5+ Ke6 51. Re3 Rd5 52. Ng4+ Kf7 53. Rf3+ Ke7 54. Re3+ Kd6 55. Rb3 Kd7 56. Nf6+ 1-0


[Site "https://www.chess.com"]

[Event "Titled Tuesday Blitz March 07 Early 2023"]
[White "Weetik, Vjacheslav"]
[Black "Keymer, Vincent"]
[WhiteFideId "4153472"]
[BlackFideId "12940690"]
[WhiteElo "2469"]
[BlackElo "2651"]
[Result "0-1"]
[Round "09"]
[TimeControl "180+2"]
[Date "2023.03.07"]
[WhiteClock "0:00:01"]
[BlackClock "0:00:09"]

1. e4 c6 2. Nc3 d5 3. Nf3 dxe4 4. Nxe4 Nf6 5. Nxf6+ exf6 6. d4 Bd6 7. Bd3 O-O 8. O-O Re8 9. c3 Bg4 10. h3 Bh5 11. g4 Bg6 12. Nh4 Bc7 13. Nf5 Bxf5 14. Bxf5 Qd6 15. f4 g6 16. Bc2 c5 17. dxc5 Qxc5+ 18. Kg2 Nc6 19. Qf3 Rad8 20. Rf2 Bb6 21. Rf1 Qc4 22. Bb3 Qb5 23. Rd1 Rxd1 24. Bxd1 Re1 25. b3 Rg1+ 26. Kh2 Qc5 27. b4 Qd6 28. Be2 Re1 29. a3 Bc7 0-1


[Site "https://www.chess.com"]

[Event "Titled Tuesday Blitz March 07 Early 2023"]
[White "Csonka, Balazs"]
[Black "Steinberg, Nitzan"]
[WhiteFideId "742910"]
[BlackFideId "2801795"]
[WhiteElo "2404"]
[BlackElo "2486"]
[Result "0-1"]
[Round "09"]
[TimeControl "180+2"]
[Date "2023.03.07"]
[WhiteClock "0:00:02"]
[BlackClock "0:00:06"]

1. d4 Nf6 2. c4 g6 3. Nc3 Bg7 4. e4 d6 5. Be2 O-O 6. Nf3 c5 7. d5 a6 8. O-O b5 9. cxb5 axb5 10. Bxb5 Nfd7 11. a4 Na6 12. Ra3 Nb4 13. Na2 Ba6 14. Nxb4 cxb4 15. Rb3 Bxb5 16. axb5 Ra4 17. Nd4 Qb6 18. Nc6 Qxb5 19. Nxe7+ Kh8 20. Bf4 Nc5 21. Re3 Qd7 22. Nc6 b3 23. Qe2 Re8 24. f3 h5 25. h3 Ra2 26. e5 Rea8 27. Rc1 Qf5 28. Bg3 Ra1 29. Rxa1 Rxa1+ 30. Kh2 dxe5 31. Nxe5 Kg8 32. Nd3 Qxd5 33. Nxc5 Qxc5 34. Bf2 Qc7+ 35. g3 Qc2 36. Kg2 Bxb2 37. Re8+ Kh7 38. Qe7 Qf5 39. Qf8 Bg7 40. Qg8+ Kh6 41. Be3+ g5 42. h4 Ra2+ 43. Kf1 0-1


[Site "https://www.chess.com"]

[Event "Titled Tuesday Blitz March 07 Early 2023"]
[White "Ibarra Jerez, Jose Carlos"]
[Black "Hernandez Gonzalez, William"]
[WhiteFideId "2226332"]
[BlackFideId "3509915"]
[WhiteElo "2638"]
[BlackElo "2374"]
[Result "1-0"]
[Round "09"]
[TimeControl "180+2"]
[Date "2023.03.07"]
[WhiteClock "0:02:53"]
[BlackClock "0:01:13"]

1. e4 c5 2. Nf3 d6 3. c3 Nf6 4. h3 Nc6 5. Bd3 g6 6. Bc2 Bg7 7. O-O O-O 8. d4 cxd4 9. cxd4 e5 10. Nc3 exd4 11. Nxd4 Nxe4 12. Nxc6 Nxc3 13. Nxd8 Nxd1 14. Nxf7 Nxb2 15. Nxd6 Nc4 16. Bb3 Bxa1 17. Bxc4+ Kg7 18. Re1 Bf6 19. Ne8+ 1-0


[Site "https://www.chess.com"]

[Event "Titled Tuesday Blitz March 07 Early 2023"]
[White "Petukhov, Dmitry"]
[Black "Zakhartsov, Vladimir"]
[WhiteFideId "4142748"]
[BlackFideId "4145097"]
[WhiteElo "2311"]
[BlackElo "2521"]
[Result "0-1"]
[Round "09"]
[TimeControl "180+2"]
[Date "2023.03.07"]
[WhiteClock "0:00:03"]
[BlackClock "0:00:46"]

1. e4 c5 2. c3 Qa5 3. Nf3 g6 4. Be2 Bg7 5. O-O Nf6 6. e5 Nd5 7. d4 cxd4 8. cxd4 O-O 9. Bd2 Qd8 10. Nc3 Nxc3 11. Bxc3 d6 12. exd6 Qxd6 13. d5 Nd7 14. Bxg7 Kxg7 15. Qd4+ Nf6 16. Rfd1 Bg4 17. h3 Bxf3 18. Bxf3 Rfc8 19. Re1 Rc7 20. Re2 a6 21. Rae1 Rd8 22. g3 h5 23. h4 b5 24. a3 Rc4 25. Qa7 Rd7 26. Qe3 Rcc7 27. Qd4 Rc4 28. Qd3 Qc5 29. Kg2 e6 30. b4 Qd6 31. Rd2 exd5 32. Red1 d4 33. Qe2 Qc7 34. Rd3 Rc2 35. R1d2 Rxd2 36. Qxd2 Qe5 37. Qd1 Rd6 38. Qd2 Nd7 39. Qc2 Qf6 40. Qc7 Ne5 41. Rb3 d3 42. Bd1 Nc4 0-1


[Site "https://www.chess.com"]